 Dungeon Crawl Stone Soup version 0.22.0-25-g7663229ff0 (webtiles) character file.

98 MirrMurr the Ducker (level 4, -2/23 HPs)
             Began as a Spriggan Fighter on Aug 20, 2018.
             Splashed by a jelly's acid (10 damage)
             ... on level 2 of the Dungeon.
             The game lasted 00:03:26 (2759 turns).

MirrMurr the Ducker (Spriggan Fighter)              Turns: 2759, Time: 00:03:27

Health: -2/23      AC: -2    Str: 13    XL:     4   Next: 43%
Magic:  5/5        EV: 19    Int:  9    God:
Gold:   100        SH:  6    Dex: 15    Spells: 3/3 levels left

rFire    . . .     SeeInvis +   a - +0 rapier
rCold    . . .     Gourm    .   c - +0 buckler
rNeg     . . .     Faith    .   b - +0 robe
rPois    .         Spirit   .   (helmet restricted)
rElec    .         Reflect  .   (no cloak)
rCorr    .         Harm     .   (gloves unavailable)
MR       .....                  (boots unavailable)
Stlth    ++........             (no amulet)
HPRegen  0.07/turn              (no ring)
MPRegen  0.09/turn              (no ring)

@: corroded, very quick
A: very small, unfitting armour, see invisible, herbivore, speed 3, slow
metabolism 2
a: no special abilities


You were on level 2 of the Dungeon.
You were not hungry.

You visited 1 branch of the dungeon, and saw 2 of its levels.

You collected 100 gold pieces.

Inventory:

Hand Weapons
 a - a +0 rapier (weapon)
Missiles
 e - 20 bolts
 g - 57 sling bullets
 h - 50 stones (quivered)
Armour
 b - a +0 robe (worn)
 c - a +0 buckler (worn)
Scrolls
 i - 3 scrolls of identify
 j - a scroll of amnesia {unknown}
 l - a scroll of fear {unknown}
Potions
 d - a potion of might
 k - a potion of brilliance {unknown}
Comestibles
 f - 6 rations


   Skills:
 + Level 2.7 Fighting
 * Level 3.3 Short Blades
 + Level 5.0 Dodging
 + Level 2.5 Stealth
 + Level 2.6 Shields


You had 3 spell levels left.
You didn't know any spells.
Your spell library was empty.

Dungeon Overview and Level Annotations

Branches:
Dungeon (2/15)

Altars:


Innate Abilities, Weirdness & Mutations

You are very small and have problems with some larger weapons.
You are too small for most types of armour.
You have supernaturally acute eyesight. (SInv)
You are a herbivore.
You cover ground extremely quickly.
You need to consume almost no food.


Message History

The jelly is too close now for your liking.
The jelly quivers.
You hit the ooze.
The ooze is heavily wounded.
You block the ooze's attack.
You puncture the ooze!
You kill the ooze!
The jelly hits you.
You are splashed with acid!
The acid burns!
You hit the jelly but do no damage.
Your hands burn!
The jelly completely misses you.
You puncture the jelly!
Your hands burn!
The jelly is heavily wounded.
You block the jelly's attack.
You are too injured to fight recklessly!
You are too injured to fight recklessly!
You barely miss the jelly.
The jelly is heavily wounded.
The jelly hits you. The acid corrodes you!
You are splashed with acid!
The acid burns!
You die...

#.....#.#.#####.........########
#####.#.#.# #...#####.#.......
######.#.#.# #.......#.#.######
#....#.#.#.# #..####.#.#.#
#.##.#.#.#.# #..#....#.#.#####
#.##.#.#.#.# #..#.####.#.....#
#.##...#.#.# #..#.# #.#.....##
#.######.#.#####.J#.# #.#..÷..#.
..........÷.....@.#.# #.#.....#.
#.#######.........#.####.#.....#.
#.#####.#.........#..............
#.......#.........#########....#.
#######.######.#............####.
# #.#......#.##########.# #. #
#.#.######.#.......<#.# #.
#######.#..<#....#.#......#.# #.
##....#.#...#.####.#.####.#.# #.


You could see a jelly.

Vanquished Creatures
  2 adders (D:2)
  5 oozes (D:2)
  2 worms (D:2)
  A dart slug (D:1)
  4 leopard geckos
  2 giant cockroaches (D:2)
  A goblin (D:1)
  5 hobgoblins
  2 quokkas (D:2)
  A ball python (D:1)
  3 bats
  4 frilled lizards
  11 kobolds
  7 rats
50 creatures vanquished.

Vanquished Creatures (others)
  2 fungi (D:2)
  6 toadstools (D:2)
8 creatures vanquished.

Grand Total: 58 creatures vanquished

Notes
Turn   | Place    | Note
-------+----------+-------------------------------------------
     0 | D:1      | MirrMurr the Spriggan Fighter began the quest for the Orb.
     0 | D:1      | Reached XP level 1. HP: 11/11 MP: 2/2
   116 | D:1      | Reached skill level 1 in Stealth
   150 | D:1      | Reached XP level 2. HP: 14/16 MP: 3/3
  1649 | D:2      | Reached XP level 3. HP: 19/19 MP: 4/4
  2019 | D:2      | Reached XP level 4. HP: 22/23 MP: 5/5
  2443 | D:2      | Reached skill level 5 in Dodging
  2759 | D:2      | Splashed by a jelly's acid

Skill      XL: |  1  2  3  4 |
---------------+-------------+-----
Stealth        | 1 2 |  2.5
Short Blades   | 3 |  3.3
Dodging        | 5 |  5.0
Fighting       | |  2.7
Shields        | |  2.6

Action                   |  1- 3 |  4- 6 || total
-------------------------+-------+-------++-------
Melee: Rapier            |   143 |    40 ||   183
  Use: Scroll            |     2 |       ||     2
 Stab: Sleeping          |     3 |     1 ||     4
Armor: Robe              |     7 |     1 ||     8
Dodge: Dodged            |    95 |    20 ||   115
Block: Buckler           |    35 |    10 ||    45
